 Dungeon Crawl Stone Soup version 0.23-a0-484-g29ba69c (webtiles) character file.

2456 theanonym the Skirmisher (level 9, -5/71 HPs)
             Began as a Mummy Necromancer on Nov 30, 2018.
             Slain by Joseph
             ... wielding a cursed -2 quarterstaff
              (11 damage)
             ... on level 7 of the Dungeon.
             The game lasted 00:18:07 (11067 turns).

theanonym the Skirmisher (Mummy Necromancer)       Turns: 11067, Time: 00:18:08

Health: -5/71      AC:  8    Str: 11      XL:     9   Next: 26%
Magic:  2/18       EV: 12    Int: 18      God:
Gold:   240        SH:  5    Dex: 13 (14) Spells: 12/20 levels left

rFire    . . .     SeeInvis .   h - +1 short sword (venom)
rCold    + . .     Gourm    .   e - +0 buckler (curse)
rNeg     + + +     Faith    .   a - +3 leather armour {rF+}
rPois    ∞         Spirit   .   (no helmet)
rElec    .         Reflect  .   g - +1 cloak
rCorr    .         Harm     .   (no gloves)
MR       +....                  (no boots)
Stlth    ++........             (no amulet)
HPRegen  0.21/turn              m - +2 ring of dexterity
MPRegen  0.16/turn              (no ring)

@: very slightly contaminated
A: no food or potions, fire vulnerability, cold resistance 1, negative energy
resistance 3, torment resistance, unbreathing
a: no special abilities


Innate Abilities, Weirdness & Mutations

You do not eat or drink.
Your flesh is vulnerable to fire.
You are immune to poison.
Your flesh is cold resistant. (rC+)
You are immune to negative energy. (rN+++)
You are immune to unholy pain and torment.
You can survive without breathing.


   Skills:
 + Level 6.4 Fighting
 - Level 0.8 Short Blades
 - Level 5.1 Armour
 + Level 2.4 Dodging
 - Level 1.5 Stealth
 - Level 4.0 Shields
 - Level 6.0 Spellcasting
 - Level 6.0 Necromancy


You had 12 spell levels left.
You knew the following spells:

 Your Spells              Type           Power        Failure   Level  Hunger
a - Pain                  Necr           ####         1%          1    N/A
c - Vampiric Draining     Necr           ####......   3%          3    N/A
e - Animate Dead          Necr           N/A          13%         4    N/A

Your spell library contained the following spells:

 Spells                   Type           Power        Failure   Level  Hunger
 Animate Skeleton         Necr           N/A          1%          1    N/A
 Regeneration             Chrm/Necr      Unusable     N/A         3    N/A

Skill      XL: |  1  2  3  4  5  6  7  8  9 |
---------------+----------------------------+-----
Spellcasting   | 3 4 5 6 |  6.0
Armour         | 1 2 3 5 |  5.1
Shields        | 1 2 3 4 |  4.0
Necromancy     | 5 6 |  6.0
Fighting       | 5 6 |  6.4
Dodging        | 2 |  2.4
Short Blades   | |  0.8
Stealth        | |  1.5

Action                   |  1- 3 |  4- 6 |  7- 9 || total
-------------------------+-------+-------+-------++-------
Melee: Dagger            |    19 |    98 |   332 ||   449
       Short sword       |       |       |   208 ||   208
Throw: Throwing net      |       |       |     1 ||     1
 Cast: Pain              |    43 |   104 |   166 ||   313
       Animate Dead      |       |     4 |    13 ||    17
       Vampiric Draining |       |     2 |     5 ||     7
  Use: Scroll            |       |     6 |     7 ||    13
 Stab: Sleeping          |       |     5 |     1 ||     6
Armor: Robe              |     1 |       |       ||     1
       Leather armour    |     4 |    37 |   229 ||   270
Dodge: Dodged            |    17 |    63 |   331 ||   411
Block: Buckler           |     4 |    20 |   148 ||   172

Inventory:

Hand Weapons
 b - a +0 dagger
   (You took it off a goblin on level 1 of the Dungeon)
 h - a +1 short sword of venom (weapon)
   (You took it off an orc on level 6 of the Dungeon)
Armour
 a - a +3 leather armour of fire resistance (worn)
   (You took it off an orc on level 5 of the Dungeon)
 e - a cursed +0 buckler (worn)
   (You found it on level 1 of the Dungeon)
 f - a +0 leather armour
   (You found it on level 1 of the Dungeon)
 g - a +1 cloak (worn)
   (You found it on level 2 of the Dungeon)
 i - a +2 helmet
   (You found it on level 5 of the Dungeon)
 j - a +0 shield
   (You found it on level 3 of the Dungeon)
Jewellery
 m - a +2 ring of dexterity (left hand)
   (You found it on level 3 of the Dungeon)
Scrolls
 c - 4 scrolls of enchant weapon
 d - a scroll of random uselessness
 l - 3 scrolls of immolation
 n - a scroll of remove curse
 o - a scroll of magic mapping {unknown}
 p - a scroll of noise {unknown}
 r - a scroll of identify
 t - 2 scrolls of teleportation {!r}


You were on level 7 of the Dungeon.
You were not hungry.

You visited 1 branch of the dungeon, and saw 7 of its levels.

You collected 240 gold pieces.

Dungeon Overview and Level Annotations

Branches:
Dungeon (7/15)
 Temple: D:4-7

Altars:
Ashenzari
Okawaru
The Shining One

Annotations:
D:4 exclusions: door and 1 more exclusion
D:7 Joseph

#.#....#..........
#......>....>......
######.#...)####....
............§........
#######......#####...
#....#...# #....#.#.#
#####....###.#
........@#...#
#####.##@#.#####..
#.............
######.§.......
#.......W......
#.####........# #Z#
##########
##.########
#.........#


You could see Joseph and a phantom.

Notes
Turn   | Place    | Note
-------+----------+-------------------------------------------
     0 | D:1      | theanonym the Mummy Necromancer began the quest for the
                  | Orb.
     0 | D:1      | Reached XP level 1. HP: 13/13 MP: 4/4
   347 | D:1      | Reached skill level 3 in Spellcasting
   382 | D:1      | Reached XP level 2. HP: 19/19 MP: 3/6
   961 | D:2      | Reached XP level 3. HP: 24/24 MP: 3/7
  1198 | D:2      | Noticed Terence
  1204 | D:2      | Killed Terence
  1204 | D:2      | Reached skill level 1 in Armour
  1204 | D:2      | Reached skill level 1 in Shields
  1204 | D:2      | Reached XP level 4. HP: 22/30 MP: 2/9
  1589 | D:2      | Noticed Jessica
  1593 | D:2      | Killed Jessica
  1598 | D:2      | Learned a level 3 spell: Vampiric Draining
  1603 | D:2      | Learned a level 4 spell: Animate Dead
  1906 | D:3      | Found an iron altar of Okawaru.
  2099 | D:3      | Reached skill level 4 in Spellcasting
  2384 | D:3      | Reached XP level 5. HP: 35/35 MP: 7/11
  2578 | D:4      | Noticed Sigmund
  2895 | D:4      | Killed Sigmund
  2895 | D:4      | Reached skill level 2 in Armour
  2895 | D:4      | Reached skill level 2 in Shields
  2895 | D:4      | Reached skill level 5 in Necromancy
  2895 | D:4      | Reached XP level 6. HP: 30/41 MP: 7/13
  3761 | D:4      | Reached skill level 5 in Spellcasting
  4149 | D:5      | Entered Level 5 of the Dungeon
  4537 | D:5      | HP: 18/41 [phantom (7)]
  4588 | D:4      | HP: 16/41 [phantom (4)]
  4600 | D:4      | HP: 16/41 [phantom (1)]
  4629 | D:4      | HP: 14/41 [phantom (6)]
  4653 | D:4      | HP: 8/41 [phantom (9)]
  5108 | D:5      | Reached XP level 7. HP: 46/46 MP: 9/14
  5190 | D:5      | HP: 23/46 [necrophage (2)]
  5426 | D:5      | Reached skill level 3 in Armour
  5600 | D:5      | Reached skill level 3 in Shields
  5847 | D:5      | Found a glowing golden altar of the Shining One.
  5891 | D:5      | HP: 17/46 [iron imp (9)]
  5896 | D:5      | HP: 14/46 [goblin zombie (2)]
  6229 | D:5      | HP: 19/46 [phantom (8)]
  6453 | D:5      | HP: 17/46 [phantom (9)]
  6472 | D:5      | HP: 11/46 [phantom (8)]
  6817 | D:6      | Reached skill level 6 in Necromancy
  6902 | D:6      | Reached skill level 6 in Spellcasting
  7048 | D:6      | Reached XP level 8. HP: 52/52 MP: 7/17
  7131 | D:6      | Reached skill level 4 in Armour
  7131 | D:6      | Reached skill level 4 in Shields
  7319 | D:6      | Found a shattered altar of Ashenzari.
  7533 | D:6      | Reached skill level 1 in Fighting
  7733 | D:6      | Reached skill level 2 in Fighting
  7836 | D:6      | Noticed Blork the orc
  7846 | D:6      | Killed Blork the orc
  7929 | D:6      | Reached skill level 3 in Fighting
  7929 | D:6      | Reached skill level 5 in Armour
  8398 | D:5      | HP: 29/60 [phantom (4)]
  8412 | D:5      | HP: 26/60 [phantom (3)]
  8429 | D:5      | HP: 23/60 [phantom (7)]
  8436 | D:5      | Reached skill level 4 in Fighting
  8657 | D:5      | Found a glowing golden altar of the Shining One.
  9017 | D:4      | HP: 30/60 [phantom (5)]
  9025 | D:4      | HP: 16/60 [phantom (8)]
  9527 | D:6      | HP: 28/61 [orc priest/divine providence (13)]
  9781 | D:6      | Reached skill level 5 in Fighting
  9874 | D:6      | Reached XP level 9. HP: 68/68 MP: 9/18
 10083 | D:6      | Reached skill level 6 in Fighting
 10365 | D:6      | Reached skill level 2 in Dodging
 10517 | D:6      | Found a shattered altar of Ashenzari.
 11041 | D:7      | Noticed Joseph
 11058 | D:7      | HP: 31/71 [Joseph/cursed -2 quarterstaff (14)]
 11059 | D:7      | HP: 11/71 [Joseph/cursed -2 quarterstaff (10)]
 11060 | D:7      | HP: 4/71 [Joseph/cursed -2 quarterstaff (10)]
 11067 | D:7      | Slain by Joseph

Vanquished Creatures
  Sigmund (D:4)
  An orc warrior (D:6)
  2 ice beasts (D:6)
  A sky beast (D:6)
  A phantom (D:5)
  A black bear (D:5)
  A necrophage (D:5)
  A centaur (D:6)
  Blork the orc (D:6)
  A gnoll sergeant (D:6)
  6 bullfrogs
  A scorpion (D:6)
  A howler monkey (D:6)
  2 crimson imps
  2 quasits (D:6)
  5 orc wizards
  5 orc priests
  6 hounds
  An iron imp (D:5)
  Jessica (D:2)
  A bullfrog skeleton (D:6)
  Terence (D:2)
  4 worker ants
  A hound skeleton (D:6)
  A howler monkey zombie (D:6)
  4 gnolls (D:6)
  5 adders
  2 adder skeletons (D:4)
  An adder zombie (D:5)
  2 worms
  4 leopard geckos
  16 orcs
  3 ball pythons
  3 bats
  6 giant cockroaches
  5 goblins
  4 hobgoblins
  3 kobolds
  9 quokkas
  2 frilled lizards
  A goblin skeleton (D:5)
  2 goblin zombies (D:5)
  A hobgoblin zombie (D:5)
  2 leopard gecko zombies (D:7)
  An orc skeleton (D:5)
  An orc zombie (D:5)
  5 rats
131 creatures vanquished.

Vanquished Creatures (collateral kills)
  A bullfrog zombie (D:6)
  An adder skeleton (D:5)
  A hobgoblin zombie (D:5)
3 creatures vanquished.

Grand Total: 134 creatures vanquished

Table legend:
 A = Turns spent in this place as a percentage of turns spent in the entire game.
 B = Non-inter-level travel turns spent in this place as a percentage of non-inter-level travel turns spent in the entire game.
 C = Inter-level travel turns spent in this place as a percentage of turns spent in this place.
 D = Turns resting spent in this place as a percentage of non-inter-level travel turns spent in this place.
 E = Turns spent auto-exploring this place as a percentage of non-inter-level travel turns spent in this place.
 F = Non-inter-level travel turns spent in this place divided by the number of levels of this place that you've seen.
                   A       B       C       D       E      F
               +-------+-------+-------+-------+-------+----------------------
         Total | 100.0 | 100.0 |   4.4 |  40.1 |  41.0 | 1511.4
       Dungeon | 100.0 | 100.0 |   4.4 |  40.1 |  41.0 | 1511.4
               +-------+-------+-------+-------+-------+----------------------
